 Dungeon Crawl Stone Soup version 0.31-a0-1278-g11c5b68f87 (webtiles) character file.

Game seed: 12337644320613280951

124 bmb222 the Sneak (level 5, -3/25 HPs)
             Began as a Vine Stalker Enchanter on Dec 18, 2023.
             Slain by a gnoll
             ... wielding a +0 halberd
              (9 damage)
             ... on level 3 of the Dungeon.
             The game lasted 00:02:36 (1919 turns).

bmb222 the Sneak (Vine Stalker Enchanter)           Turns: 1919, Time: 00:02:36

Health: -3/25      AC:  3    Str: 11    XL:     5   Next: 8%
Magic:  0/9        EV: 12    Int: 15    God:
Gold:   79         SH:  0    Dex: 16    Spells: 8/8 levels left

rFire   . . .        a - +1 dagger
rCold   . . .        (no shield)
rNeg    + . .        b - +0 robe
rPois   .            (no helmet)
rElec   .            (no cloak)
rCorr   .            n - +0 pair of gloves
SInv    .            (no boots)
Will    .....        (no amulet)
Stlth   +++          m - ring of positive energy
HPRegen 1.04/turn    (no ring)
MPRegen 0.11/turn

%: guardian spirit
@: no status effects
A: fangs 2, regeneration 1, magic shield, antimagic bite, no potion heal 2
a: no special abilities


You were on level 3 of the Dungeon.
You visited 1 branch of the dungeon, and saw 3 of its levels.

You collected 79 gold pieces.

Inventory:

Hand Weapons
 a - a +1 dagger (weapon)
Armour
 b - a +0 robe (worn)
 n - a +0 pair of gloves (worn)
Jewellery
 h - a ring of fire
 m - a ring of positive energy (left hand)
Scrolls
 i - a scroll of amnesia {unknown}
 j - a scroll of blinking {unknown}
 k - a scroll of brand weapon {unknown}
 r - 2 scrolls of identify {unknown}
 s - a scroll of butterflies {unknown}
Potions
 c - a potion of invisibility
 d - a potion of cancellation {unknown}
 e - a potion of brilliance {unknown}
 f - 2 potions of lignification {unknown}
 g - a potion of berserk rage {unknown}
 l - a potion of mutation {unknown}
 o - a potion of curing {unknown}
 p - a potion of haste {unknown}
 q - a potion of heal wounds {unknown}


   Skills:
 + Level 0.5 Fighting
 + Level 2.0 Short Blades
 + Level 2.1 Dodging
 + Level 5.2 Stealth
 + Level 2.3 Spellcasting
 + Level 3.6 Hexes


You had 8 spell levels left.
You didn't know any spells.
Your spell library contained the following spells:

 Spells                   Type           Power      Damage    Failure   Level
 Confusing Touch          Hex            12%        N/A       14%         3
 Tukima's Dance           Hex            12%        N/A       14%         3
 Ensorcelled Hibernation  Hex/Ice        14%        N/A       16%         2
 Dazzling Flash           Conj/Hex       14%        N/A       30%         3


Dungeon Overview and Level Annotations

Branches:
Dungeon (3/15)

Altars:

Annotations:
D:2 Natasha


Innate Abilities, Weirdness & Mutations

You have extremely sharp teeth.
Your natural rate of healing is unusually fast.
When hurt, damage is shared between your health and your magic reserves.
Your bite disrupts and absorbs the magic of your enemies.
Potions cannot restore your health.


Message History

The jackal barely misses you.
You see here a jackal corpse.
The jackal attacks as it pursues you! The jackal bites you.
You hit the jackal but do no damage. Your bite misses the jackal.
The jackal bites you.
The jackal bites you but does no damage.
You closely miss the jackal. Your punch misses the jackal.
The jackal closely misses you.
You hit the jackal but do no damage.
The jackal bites you but does no damage.
You barely miss the jackal. The jackal misses you.
You hit the jackal but do no damage. The jackal barely misses you.
The gnoll barely misses you. The jackal misses you.
You hit the jackal. You bite the jackal.
You kill the jackal!
The gnoll closely misses you.
The orc shouts!
The gnoll hits you with a +0 halberd!
You see here a jackal corpse.
You barely miss the gnoll. Your bite misses the gnoll. You hit the gnoll.
You bite the gnoll. You drain its power.
You feel invigorated.
The gnoll is lightly wounded.
The gnoll barely misses you.
You hit the gnoll.
The gnoll is heavily wounded.
The gnoll hits you with a +0 halberd.
You closely miss the gnoll. Your bite misses the gnoll.
The gnoll is heavily wounded.
The gnoll hits you with a +0 halberd!
* * * LOW HITPOINT WARNING * * *
You hit the gnoll. You bite the gnoll. You drain its power.
You feel invigorated.
The gnoll is almost dead.
The gnoll hits you with a +0 halberd.
* * * LOW HITPOINT WARNING * * *
You hit the gnoll. Your bite misses the gnoll.
The gnoll is almost dead.
The gnoll hits you with a +0 halberd!
You die...

##..#####...##....~~#...#########
##..# #...##....≈≈#...#........
#...#####...##....~≈#####~~~~~~~~
............##....~≈≈≈≈≈≈≈≈≈≈≈≈≈≈
#...####....##....~~~≈≈~~~~~~~~~≈
............##.....Pg............
#†.##.##....#####o###############
#..##.###....####g#
................@.#
##.##.####...#.####
##.##.#####.##.# ............##.#
#..#...#######.# #.##...# ##<##
.......######...##
#.##......)......#
#.##...######....#


You could see a gnoll and an orc.

Vanquished Creatures
  Jessica (D:2)
  Natasha (twice) (D:2)
  3 worms (D:2)
  A dart slug (D:1)
  An orc (D:3)
  4 endoplasms
  5 goblins
  3 hobgoblins (D:2)
  4 jackals (D:3)
  3 kobolds
  4 ball pythons
  2 bats
  A frilled lizard (D:1)
  4 rats
38 creatures vanquished.

Notes
Turn   | Place    | Note
-------+----------+-------------------------------------------
     0 | D:1      | bmb222 the Vine Stalker Enchanter began the quest for the
                  | Orb.
     0 | D:1      | Reached XP level 1. HP: 9/9 MP: 4/4
   324 | D:1      | Reached XP level 2. HP: 13/13 MP: 6/6
   857 | D:2      | Noticed a shining eye
   861 | D:2      | Noticed a golden eye
   976 | D:2      | Reached skill level 4 in Stealth
  1208 | D:2      | Reached skill level 1 in Short Blades
  1208 | D:2      | Reached XP level 3. HP: 14/16 MP: 5/7
  1257 | D:2      | Noticed Natasha
  1306 | D:2      | Killed Natasha
  1378 | D:2      | Found a faded altar of an unknown god.
  1383 | D:2      | Noticed a shining eye
  1383 | D:2      | Noticed a great orb of eyes
  1383 | D:2      | Noticed Jessica
  1393 | D:2      | Killed Jessica
  1394 | D:2      | Reached XP level 4. HP: 15/21 MP: 3/8
  1583 | D:2      | Noticed Natasha
  1593 | D:2      | Killed Natasha
  1594 | D:2      | Reached skill level 5 in Stealth
  1654 | D:2      | Noticed Natasha
  1752 | D:3      | Reached XP level 5. HP: 23/25 MP: 7/9
  1919 | D:3      | Slain by a gnoll

Illustrated notes

Levels and vault maps discovered:
D:1:      dpeg_arrival_yet_another_circle, layout_loops_ring,
          skrybe_limestone_x, kennysheep_pointless_box
D:2:      layout_basic, hellmonk_ecumenical_altar_watching_god,
          grunt_decor_arrowhead, uniq_jessica, uniq_natasha
D:3:      lemuel_castle_with_subvaults [lemuel_castle_interior_carwin_1],
          layout_loops_ring

Skill      XL: |  1  2  3  4 |
---------------+-------------+-----
Stealth        | 4 5 |  5.2
Short Blades   | 1 2 |  2.0
Dodging        | 2 |  2.1
Fighting       | |  0.5
Spellcasting   | |  2.3
Hexes          | |  3.6

Action                     |  1- 3 |  4- 6 || total
---------------------------+-------+-------++-------
  Melee: Dagger            |   102 |    59 ||   161
         Punch             |     2 |       ||     2
         Bite              |    30 |    17 ||    47
    Use: Potion            |     1 |       ||     1
   Stab: Sleeping          |     7 |     2 ||     9
         Invisible         |     1 |       ||     1
 Armour: Robe              |    45 |    32 ||    77
  Dodge: Dodged            |    51 |    40 ||    91

Table legend: (Time is in decaauts)
 A = Elapsed time spent in this place.
 B = Non-inter-level travel time spent in this place.
 C = Inter-level travel time spent in this place.
 D = Time resting spent in this place.
 E = Time spent auto-exploring this place.
 F = Levels seen in this place.
 G = Mean time per level.
                   A        B        C        D        E       F      G
               +--------+--------+--------+--------+--------+-----+--------+
         Total |   1918 |   1863 |     55 |     15 |   1365 |   3 |  639.3 |
       Dungeon |   1918 |   1863 |     55 |     15 |   1365 |   3 |  639.3 |
               +--------+--------+--------+--------+--------+-----+--------+

Top non-repeatable levels by time:
     D:1: 852 daAuts
     D:2: 807 daAuts
     D:3: 258 daAuts
